 Dungeon Crawl Stone Soup version 0.26.0-10-g1f06aea511 (webtiles) character file.

Game seed: 4366061430771564749

54 inc the Ducker (level 3, 0/17 HPs)
             Began as a Felid Monk on Jan 30, 2021.
             Slain by an adder (5 damage)
             ... on level 2 of the Dungeon.
             The game lasted 00:01:14 (1390 turns).

inc the Ducker (Felid Monk)                         Turns: 1390, Time: 00:01:15

Health: 0/17       AC:  1    Str:  7    XL:     3   Next: 66%
Magic:  4/4        EV: 21    Int: 11    God:
Gold:   83         SH:  0    Dex: 19    Spells: 2/2 levels left
                                        Lives:  0   Deaths: 0

rFire    . . .     SeeInvis +     - Unarmed
rCold    . . .     Faith    .   (shield unavailable)
rNeg     . . .     Spirit   .   (armour unavailable)
rPois    .         Reflect  .   (helmet unavailable)
rElec    .         Harm     .   (cloak unavailable)
rCorr    .         Rampage  .   (gloves unavailable)
Will     .....                  (boots unavailable)
Stlth    ++++......             (no amulet)
HPRegen  0.05/turn              c - ring of stealth
MPRegen  0.09/turn              (no ring)

@: lethally poisoned (0 -> -3), quick
A: very small, no armour, no weapons or thrown items, stealth, claws 1, fangs 3,
see invisible, speed 1, shaggy fur 1, sharp paws
a: no special abilities


You were on level 2 of the Dungeon.
You visited 1 branch of the dungeon, and saw 2 of its levels.

You collected 83 gold pieces.

Inventory:

Jewellery
 c - a ring of stealth (left paw)
Scrolls
 d - a scroll of magic mapping {unknown}
 f - a scroll of amnesia {unknown}
 h - a scroll of fear {unknown}
 i - a scroll of enchant armour {unknown}
 j - a scroll of identify {unknown}
 l - a scroll of remove curse {unknown}
Potions
 a - a potion of brilliance {unknown}
 b - 2 potions of magic {unknown}
 e - 2 potions of flight {unknown}
 g - a potion of curing {unknown}
 k - a potion of experience {unknown}


   Skills:
 - Level 3.0 Fighting
 - Level 5.1 Dodging
 + Level 4.6 Stealth
 - Level 3.0 Unarmed Combat


You had 2 spell levels left.
You didn't know any spells.
Your spell library was empty.

Dungeon Overview and Level Annotations

Branches:
Dungeon (2/15)

Altars:


Innate Abilities, Weirdness & Mutations

You cannot wear armour.
You are incapable of wielding weapons or throwing items.
Your paws allow you to move quietly. (Stealth)
You have sharp claws.
You have razor-sharp teeth.
You have supernaturally acute eyesight. (SInv)
You cover ground quickly.
You are covered in fur. (AC +1)
Your sharp claws are effective at attacking unaware monsters.


Message History

You miss the adder. You bite the adder.
The adder is moderately wounded.
The adder misses you.
You scratch the adder but do no damage. You bite the adder, but do no damage.
The adder is moderately wounded.
The adder barely misses you. The adder closely misses you.
You barely miss the adder.
The adder is moderately wounded.
You feel sick. The adder closely misses you.
You scratch the adder but do no damage.
The adder is moderately wounded.
The adder bites you.
* * * LOW HITPOINT WARNING * * *
You completely miss the adder.
The adder is moderately wounded.
The adder misses you.
You closely miss the adder.
The adder is moderately wounded.
The adder bites you.
You die...

#......# #<.....#
#......# #
#......#
######......######
.................#
######......####.#
# #......# #.# #
#......# #@#
#......# #S#
#......# #K#
#......####=#
........)>..#
#...S.l###
#....K.# #.....h.#
#......##


You could see an adder and a kobold.

Vanquished Creatures
  An adder (D:2)
  An ooze (D:1)
  A leopard gecko (D:1)
  5 goblins
  3 hobgoblins (D:1)
  3 jackals (D:2)
  7 kobolds (D:1)
  8 bats (D:1)
  4 frilled lizards
  7 rats
40 creatures vanquished.

Notes
Turn   | Place    | Note
-------+----------+-------------------------------------------
     0 | D:1      | inc the Felid Monk began the quest for the Orb.
     0 | D:1      | Reached XP level 1. HP: 10/10 MP: 2/2
    59 | D:1      | Reached XP level 2. HP: 6/14 MP: 3/3
   275 | D:1      | Reached skill level 5 in Dodging
   861 | D:1      | Reached XP level 3. HP: 16/17 MP: 4/4
  1390 | D:2      | Slain by an adder

Illustrated notes

Levels and vault maps discovered:
D:1:      amcnicky_arrival_feature_with_door, layout_loops_ring, st_stairs_4,
          hangedman_abyss_or_decor_lesser_grid
D:2:      layout_basic, lemuel_coloured_pillars_altar, minmay_rat_gold_closets,
          uniq_sigmund

Skill      XL: |  1  2  3 |
---------------+----------+-----
Dodging        | 5 |  5.1
Stealth        | 3 4 |  4.6
Fighting       | |  3.0
Unarmed Combat | |  3.0

Action                   || total
-------------------------++-------
Melee: Unarmed           ||   101
       Bite              ||     7
 Stab: Sleeping          ||    18
Armor: Skin              ||     5
Dodge: Dodged            ||    70
